 Dungeon Crawl Stone Soup version 0.29.1-12-g30fa7ad0bf (webtiles) character file.

Game seed: 11585486134270583841

16307 112233 the Warrior (level 12, -1/66 HPs)
             Began as a Felid Delver on Dec 18, 2022.
             Was an Initiate of Gozag.
             Slain by an orc knight
             ... wielding a +0 war axe of electrocution
              (8 damage)
             ... on level 2 of the Orcish Mines.
             The game lasted 00:46:02 (33117 turns).

112233 the Warrior (Felid Delver)                  Turns: 33117, Time: 00:46:03

Health: -1/66      AC:  3    Str: 11 (12) XL:     12   Next: 8%
Magic:  20/20      EV: 37    Int: 13 (14) God:    Gozag
Gold:   1256       SH:  0    Dex: 32      Spells: 11/24 levels left
                                        Lives:  0   Deaths: 3

rFire   . . .      SeeInvis +     - Unarmed
rCold   + . .      Faith    .   (shield unavailable)
rNeg    . . .      Spirit   .   (body armour unavailable)
rPois   .          Reflect  .   (helmet unavailable)
rElec   .          Harm     .   (cloak unavailable)
rCorr   .          Rampage  .   (gloves unavailable)
Will    ++...                   (boots unavailable)
Stlth   ++++++....              s - amulet of the acrobat
HPRegen 0.21/turn               E - +6 ring of dexterity
MPRegen 0.17/turn               v - +6 ring of strength

@: appendages, wereblooded, gold aura, studying Unarmed Combat, quick
A: horns 2, very small, claws 1, fangs 3, see invisible, speed 1, shaggy fur 3,
stealthy paws, no weapons or thrown items, no armour, multi-lived, agile 2,
deterioration 1, low MP 1, strong-willed 1
a: End Transformation, Renounce Religion, Potion Petition, Call Merchant, Bribe
Branch


You were on level 2 of the Orcish Mines.
You worshipped Gozag.
Gozag was most pleased with you.
You had temporarily grown beastly horns.
You visited 4 branches of the dungeon, and saw 22 of its levels.
You also visited: Gauntlet.

You collected 5008 gold pieces.
You spent 1078 gold pieces at shops.
You paid 2674 gold pieces to Gozag.

Inventory:

Jewellery
 i - a ring of flight
 r - a +6 ring of intelligence
 s - an amulet of the acrobat (around neck)
 v - a +6 ring of strength (right paw)
 y - an amulet of reflection
 z - a ring of resist corrosion
 E - a +6 ring of dexterity (left paw)
 F - a ring of magical power
 J - a ring of magical power
Wands
 e - a wand of digging (2)
 w - a wand of paralysis (1) (quivered)
 A - a wand of quicksilver (1)
 I - a wand of polymorph (4)
Scrolls
 a - a scroll of fog
 b - 7 scrolls of magic mapping
 c - 3 scrolls of amnesia
 d - 4 scrolls of fear
 f - 2 scrolls of blinking
 g - 5 scrolls of teleportation
 j - a scroll of poison
 l - 2 scrolls of enchant armour
 n - 6 scrolls of butterflies
 o - 5 scrolls of identify
 q - 2 scrolls of noise
 x - a scroll of immolation
 B - 2 scrolls of vulnerability
 G - a scroll of silence
 L - 2 scrolls of torment
Potions
 h - 6 potions of brilliance
 k - a potion of mutation
 m - 5 potions of curing
 p - 4 potions of attraction
 t - 6 potions of haste
 u - 2 potions of ambrosia
 C - 2 potions of flight
 D - 3 potions of might
 H - a potion of berserk rage
 K - a potion of heal wounds


   Skills:
 + Level 16.0 Fighting
 + Level 13.7 Dodging
 - Level 13.1 Stealth
 * Level 14.0 Unarmed Combat
 + Level 6.5 Spellcasting
 + Level 3.7 Summonings
 + Level 7.8 Transmutations
 + Level 3.5 Air Magic


You had 11 spell levels left.
You knew the following spells:

 Your Spells              Type           Power      Damage    Failure   Level
a - Beastly Appendage     Tmut           48%        N/A       1%          1
b - Wereblood             Tmut           24%        N/A       1%          2
c - Spider Form           Tmut/Pois      14%        N/A       10%         3
d - Mephitic Cloud        Conj/Pois/Air  7%         N/A       30%         3
e - Summon Lightning Spi  Summ/Air       13%        N/A       34%         4

Your spell library contained the following spells:

 Spells                   Type           Power      Damage    Failure   Level
 Summon Small Mammal      Summ           56%        N/A       3%          1
 Call Imp                 Summ           14%        N/A       5%          2
 Call Canine Familiar     Summ           14%        N/A       11%         3
 Foxfire                  Conj/Fire      16%        2x1d4     16%         1
 Freeze                   Ice            16%        1d4       16%         1
 Magic Dart               Conj           16%        1d3       16%         1
 Slow                     Hex            16%        N/A       16%         1
 Summon Guardian Golem    Hex/Summ       9%         N/A       22%         3
 Confusing Touch          Hex            4%         N/A       43%         3
 Conjure Flame            Conj/Fire      4%         6-21      43%         3
 Frozen Ramparts          Ice            8%         1d2       43%         3
 Gell's Gravitas          Tloc           4%         N/A       43%         3
 Inner Flame              Hex/Fire       4%         N/A       43%         3
 Ozocubu's Armour         Ice            4%         N/A       43%         3
 Teleport Other           Tloc           4%         N/A       43%         3
 Vampiric Draining        Necr           4%         2d6       43%         3
 Flame Wave               Conj/Fire      4%         2d5       85%         4
 Hailstorm                Conj/Ice       4%         3d4       85%         4
 Metabolic Englaciation   Hex/Ice        2%         N/A       99%         5
 Eringya's Noxious Bog    Tmut/Pois      7%         N/A       99%         6
 Dispersal                Tloc           2%         N/A       100%        6
 Storm Form               Tmut/Air       9%         N/A       100%        7
 Simulacrum               Ice/Necr       Unusable   N/A       N/A         6

Dungeon Overview and Level Annotations

Branches:
Dungeon (14/15)            Temple (1/1) D:4            Lair (5/5) D:10
  Swamp (0/4) Lair:3       Spider (0/4) Lair:3          Orc (2/2) D:11
    Elf (0/3) Orc:2       Gauntlet (visited)
  Slime: Lair:4-5    Vaults: D:13-14

Altars:
Ashenzari
Cheibriados
Dithmenos
Elyvilon
Fedhas
Gozag
Hepliaklqana
Kikubaaqudgha
Makhleb
Nemelex Xobeh
Okawaru
Qazlal
Ru
Sif Muna
Trog
Uskayaw
Vehumet
Wu Jian
Xom
Yredelemnul
Zin
The Shining One

Shops:
D:5 (   D:11 ?!   Orc:2 *?

Portals:
Trove: D:10 (give horn of Geryon)

Annotations:
D:3 exclusion: downstairs
D:5 1 runed translucent door, exclusion: downstairs, CaptainMV's ghost, amateur FeTm
D:6 exclusion: downstairs
D:7 exclusion: 2 downstairs
D:8 exclusions: 2 downstairs and upstairs
D:9 exclusion: downstairs
D:10 exclusions: door and 2 upstairs
D:13 1 runed translucent door, exclusion: obsidian statue
Lair:3 exclusion: 2 downstairs
Orc:1 2 transporters, exclusion: 2 downstairs, Putwuut's ghost, journeyman TrFi


Innate Abilities, Weirdness & Mutations

You have temporarily grown beastly horns.
You have sharp claws.
You have razor-sharp teeth.
You have supernaturally acute eyesight. (SInv)
You cover ground quickly. (Speed+)
Your thick and shaggy fur keeps you warm. (AC +3, rC+)
Your paws help you pounce on unaware monsters.
You are incapable of wielding weapons or throwing items.
You cannot wear armour.
You gain extra lives every three experience levels.
You are very agile. (Dex +8, Str/Int -2)
Your body sometimes deteriorates upon taking damage.
Your magical capacity is low. (-10% MP)
You are strong-willed. (Will+)


Message History

You mangle the orc sorcerer!!
You feel a bit better.
You kill the orc sorcerer!
Your Unarmed Combat skill increases to level 14!
You claw the orc warrior!
The orc warrior is moderately wounded.
You claw the orc knight! You headbutt the orc knight.
The orc knight is moderately wounded.
You scratch the orc knight but do no damage.
The orc knight is moderately wounded.
Unknown command.
You scratch the orc knight.
You headbutt the orc knight, but do no damage.
You bite the orc knight, but do no damage.
The orc knight is moderately wounded.
The orc knight roars a battlecry!
You scratch the orc knight.
The orc knight is heavily wounded.
The orc knight hits you with a +0 war axe of electrocution!!
You scratch the orc knight. You headbutt the orc knight.
The orc knight is heavily wounded.
You scratch the orc knight. Your headbutt misses the orc knight.
You claw the orc knight.
The orc knight is heavily wounded.
You howl as the wereblood boils in your veins!
You scratch the orc knight but do no damage.
You claw the orc knight.
The orc knight is heavily wounded.
The orc knight completely misses you.
The orc warrior unwields a +1 arbalest of flaming.
It stops flaming.
The orc warrior wields a +0 mace.
The orc warrior completely misses you.
You barely miss the orc knight.
You headbutt the orc knight, but do no damage.
The orc knight is heavily wounded.
The orc knight hits you with a +0 war axe of electrocution!!
* * * LOW HITPOINT WARNING * * *
Your body deteriorates!
You feel weakened.
You are electrocuted!
You die...
Your body crumbles into a pile of gold.

...###.).## ##...###......##
..###...## ##..)###......#
.###.#.## ##)#.###.##.## ###...##
##)..###[...# ####.#
##.#.###.[..## ..###
##...###.....# #.###
##...####....### ###.##
##...###.#....[.## .....##
#@..###.##......)# ......##
......oo.####.#.......#)
.......###.#...#.###.........#...
.#......# #.....###.#............
.......## ##...# #..[...........#
......## ####.####...............
.....## #.## ##.....#...........
.####### ##.###..................
####...## #..#...#...............


You could see an orc knight and an orc warrior (strong).

Vanquished Creatures
  Kirke (Lair:3)
  An orc warlord (Orc:1)
  An ettin (D:11)
  A boulder beetle (D:12)
  Harold (D:11)
  Erica (Orc:1)
  2 centaur warriors
  A nameless horror (Orc:2)
  A two-headed ogre (D:11)
  An orc high priest (Orc:2)
  A fire crab (Lair:4)
  Amaemon (D:8)
  A glowing orange brain (shapeshifter) (D:12)
  2 orc knights
  9 orc sorcerers
  A deep elf pyromancer (D:13)
  2 cyclopes (D:12)
  Maurice (D:8)
  2 gargoyles
  An orange demon (D:8)
  A black mamba (Lair:5)
  6 cane toads
  4 kobold demonologists
  Maggie (Lair:1)
  4 komodo dragons
  A freezing wraith (D:12)
  A red devil (Orc:2)
  2 rime drakes
  9 trolls
  3 polar bears (Lair:2)
  A slime creature (D:13)
  12 blink frogs
  Sigmund (D:5)
  A ynoxinul (Orc:2)
  A culicivora (Lair:3)
  A vampire (D:12)
  4 shadows
  24 yaks
  2 hogs
  2 wraiths (D:12)
  A basilisk (Lair:3)
  3 wyverns
  8 vampire mosquitoes
  3 redbacks (Lair:3)
  Menkaure (D:4)
  3 wargs
  8 water moccasins
  27 orc warriors
  3 black bears
  A sky beast (D:6)
  An ice beast (D:5)
  A small abomination (Gauntlet)
  4 ogres
  13 wolves
  7 centaurs
  A phantom (D:5)
  8 kobold brigands
  7 bullfrogs
  2 necrophages
  A scorpion (D:6)
  2 gnoll sergeants (D:11)
  7 wights
  10 killer bees
  An electric eel (D:10)
  2 howler monkeys
  A vampire bat (Orc:2)
  7 hounds
  2 jellies
  2 gnoll boudas
  18 orc priests
  4 iguanas
  6 orc wizards
  16 gnolls
  8 adders
  An ufetubus (D:4)
  2 worms
  5 dart slugs
  56 orcs
  10 bats
  5 endoplasms
  6 giant cockroaches
  10 goblins
  7 hobgoblins
  31 kobolds
  5 quokkas
  7 ball pythons
  6 frilled lizards
  4 rats
457 creatures vanquished.

Vanquished Creatures (others)
  A blink frog (Lair:3)
  2 humans (Lair:3)
  2 orcs (Orc:1)
  3 bushes (Lair:1)
  A demonic plant (Gauntlet)
  14 fungi
  32 plants
55 creatures vanquished.

Grand Total: 512 creatures vanquished

Notes
Turn   | Place    | Note
-------+----------+-------------------------------------------
     0 | D:5      | 112233 the Felid Delver began the quest for the Orb.
     0 | D:5      | Reached XP level 1. HP: 10/10 MP: 2/2
    27 | D:5      | Found Dyrphamn's Antique Weapon Boutique.
    63 | D:5      | Found a runed translucent door.
    64 | D:5      | Noticed CaptainMV's ghost (amateur FeTm)
    84 | D:4      | Found a staircase to the Ecumenical Temple.
    87 | D:4      | Reached XP level 2. HP: 14/14 MP: 3/3
   106 | Temple   | Entered the Ecumenical Temple
   323 | D:4      | Noticed a black bear
   417 | D:4      | Noticed Menkaure
  1310 | Temple   | Became a worshipper of Gozag Ym Sagoz the Greedy
  1483 | D:1      | Reached XP level 3. HP: 13/17 MP: 4/4
  2134 | D:1      | Found a faded altar of an unknown god.
  2777 | D:2      | Found a shimmering altar of Xom.
  2844 | D:2      | Reached XP level 4. HP: 20/21 MP: 5/5
  3423 | D:2      | Identified the +2 ring mail "Soghunoaz" {rF- MP+9 Int+3}
  3652 | D:3      | Identified the +5 mace "Kecryo" {venom, Will+ rCorr}
  4666 | D:4      | Reached XP level 5. HP: 7/25 MP: 6/6
  4973 | D:4      | Reached skill level 4 in Fighting
  5182 | D:4      | Learned a level 3 spell: Confusing Touch
  5303 | D:5      | Noticed Sigmund
  5750 | D:5      | Noticed a yak
  6280 | D:5      | Noticed an ice beast
  6324 | D:5      | Noticed a phantom
  6519 | D:5      | HP: 1/25 [phantom (8)]
  6520 | D:5      | Slain by a phantom
  6521 | D:5      | Reached XP level 4. HP: -1/33 MP: 5/5
  6565 | D:5      | Gained mutation: You are agile. (Dex +4, Str/Int -1)
                  | [potion of mutation]
  6565 | D:5      | Gained mutation: You have hidden genetic defects. [potion
                  | of mutation]
  6565 | D:5      | Gained mutation: You are strong-willed. (Will+) [potion of
                  | mutation]
  6565 | D:5      | Gained mutation: You are very agile. (Dex +8, Str/Int -2)
                  | [potion of mutation]
  6572 | D:5      | Killed a phantom
  6573 | D:5      | Reached XP level 5. HP: 12/25 MP: 6/6
  6587 | D:5      | Gained mutation: Your magical capacity is low. (-10% MP)
                  | [hidden defects]
  6813 | D:6      | Reached skill level 5 in Dodging
  6825 | D:6      | Gained mutation: Your body sometimes deteriorates upon
                  | taking damage. [hidden defects]
  6825 | D:6      | Lost mutation: You have hidden genetic defects. [hidden
                  | defects expressed]
  6905 | D:6      | Noticed a sky beast
  7061 | D:7      | Gained mutation: You are covered in thick fur. (AC +2)
                  | [Felid growth]
  7061 | D:7      | Reached XP level 6. HP: 30/30 MP: 6/6
  7072 | D:7      | Reached skill level 5 in Fighting
  7355 | D:8      | Noticed Maurice
  7517 | D:6      | Reached skill level 6 in Fighting
  7517 | D:6      | Reached XP level 7. HP: 34/34 MP: 7/7
  8143 | D:6      | Reached skill level 7 in Fighting
  8190 | D:6      | Found a blossoming altar of Fedhas.
  8398 | D:6      | Learned a level 3 spell: Call Canine Familiar
  9195 | D:5      | Killed Sigmund
  9196 | D:5      | Reached XP level 8. HP: 38/40 MP: 8/8
  9243 | D:5      | Reached skill level 8 in Fighting
  9243 | D:5      | Reached skill level 5 in Unarmed Combat
  9521 | D:5      | Found a glowing silver altar of Zin.
  9572 | D:5      | Found an iron altar of Okawaru.
  9572 | D:5      | Found a shimmering altar of Xom.
  9579 | D:5      | Found a snail-covered altar of Cheibriados.
  9581 | D:5      | Found a stormy altar of Qazlal.
  9583 | D:5      | Found a faded altar of an unknown god.
 10004 | D:4      | Killed Menkaure
 10134 | D:4      | Reached skill level 9 in Fighting
 10658 | D:5      | Reached skill level 10 in Stealth
 11876 | D:7      | Identified the +9 sling "Pilu" {speed, Dex+3 Stlth+}
 11923 | D:7      | Reached skill level 10 in Fighting
 11923 | D:7      | Reached XP level 9. HP: 42/46 MP: 9/9
 12613 | D:8      | You fall into a shaft and drop 1 floor!
 12666 | D:10     | Entered Level 10 of the Dungeon
 12843 | D:8      | Killed Maurice
 13015 | D:8      | Noticed Amaemon
 13019 | D:8      | Killed Amaemon
 13020 | D:8      | Reached skill level 11 in Fighting
 13020 | D:8      | Noticed an orange demon
 13022 | D:8      | Killed an orange demon
 13023 | D:8      | Reached skill level 12 in Fighting
 13121 | D:8      | Found a white marble altar of Elyvilon.
 13121 | D:8      | Found a burning altar of Makhleb.
 13772 | D:8      | Reached XP level 10. HP: 54/54 MP: 10/10
 14797 | D:9      | Noticed a centaur warrior
 14800 | D:9      | Killed a centaur warrior
 14801 | D:9      | Reached skill level 13 in Fighting
 15626 | D:10     | Reached skill level 10 in Dodging
 15915 | D:9      | Identified the +6 mace of Neurosis {drain, *Noise Will+
                  | Str+2 Int+5}
 16582 | D:11     | Reached skill level 14 in Fighting
 16639 | D:11     | Found a gate leading to a gauntlet.
 16673 | Gauntlet | Entered a Gauntlet
 16673 | Gauntlet | Found a transporter.
 16673 | Gauntlet | Found a transporter.
 16694 | Gauntlet | Found a transporter.
 16702 | Gauntlet | Found a transporter.
 16702 | Gauntlet | Found a transporter.
 16702 | Gauntlet | Found a transporter.
 16704 | Gauntlet | Found a transporter.
 16704 | Gauntlet | Found a transporter.
 16707 | Gauntlet | Noticed a smoke demon
 16717 | Gauntlet | Found a transporter.
 16732 | Gauntlet | Found a transporter.
 16734 | Gauntlet | Noticed a moth of wrath
 16742 | Gauntlet | Found a transporter.
 16761 | Gauntlet | Found a transporter.
 16773 | Gauntlet | Noticed a tengu warrior
 16777 | Gauntlet | Found a transporter.
 16787 | Gauntlet | Noticed a soul eater
 16789 | Gauntlet | Found a transporter.
 16923 | Gauntlet | Learned a level 3 spell: Mephitic Cloud
 17025 | Gauntlet | Identified the ring "Ruxur" {rN+ Will+ Int+3}
 17025 | Gauntlet | Noticed a minotaur
 17082 | D:10     | Found a portal to a secret trove of treasure.
 17180 | D:11     | Learned a level 1 spell: Beastly Appendage
 17183 | D:11     | Learned a level 2 spell: Wereblood
 17322 | D:10     | Identified the +5 falchion of Outrage {vorpal, Fragile
                  | rC+++ Int+2 Dex+3}
 17608 | D:11     | Reached skill level 1 in Transmutations
 17623 | D:11     | Reached skill level 1 in Spellcasting
 17625 | D:11     | Reached XP level 11. HP: 56/60 MP: 9/12
 18460 | D:10     | Found a staircase to the Lair.
 18868 | D:11     | Found a staircase to the Orcish Mines.
 19234 | D:11     | Found a shadowy altar of Dithmenos.
 19244 | D:11     | Noticed a two-headed ogre
 19484 | D:11     | Killed a two-headed ogre
 20093 | D:11     | Learned a level 3 spell: Spider Form
 20529 | Orc:1    | Entered Level 1 of the Orcish Mines
 20529 | Orc:1    | Noticed an orc sorcerer
 20540 | Orc:1    | Noticed an ettin
 20552 | D:11     | Killed an orc sorcerer
 21126 | Lair:1   | Entered Level 1 of the Lair of Beasts
 21771 | Lair:2   | Reached skill level 15 in Fighting
 22258 | Lair:1   | Noticed Maggie
 22265 | Lair:1   | Killed Maggie
 22408 | Lair:1   | Gained mutation: Your thick and shaggy fur keeps you warm.
                  | (AC +3, rC+) [Felid growth]
 22408 | Lair:1   | Reached XP level 12. HP: 65/65 MP: 14/17
 22635 | Lair:1   | Identified a scroll of acquirement
 22636 | Lair:1   | Acquired a manual of Unarmed Combat
 22790 | Lair:1   | Reached skill level 5 in Transmutations
 24428 | Lair:3   | Found a staircase to the Swamp.
 24553 | Lair:4   | You fall into a shaft and drop 1 floor!
 24553 | Lair:5   | Entered Level 5 of the Lair of Beasts
 24567 | Lair:5   | Reached skill level 10 in Unarmed Combat
 24757 | Lair:5   | Identified the +1 robe of the Protecting Gods {-Cast Harm
                  | rN++ Str+3}
 24846 | Lair:5   | Noticed an eight-headed hydra
 24872 | Lair:5   | Got Sif Muna's Textbook on Formation and Evolution
 25268 | Lair:4   | Noticed a catoblepas
 25415 | Orc:1    | Noticed Harold
 25432 | D:11     | HP: 1/66 [ettin/+0 dire flail (20)]
 25452 | D:11     | Killed an ettin
 25453 | D:11     | Reached skill level 5 in Spellcasting
 25976 | D:11     | Killed Harold
 26144 | Orc:1    | Found a transporter.
 26144 | Orc:1    | Noticed Putwuut's ghost (journeyman TrFi)
 26408 | Orc:1    | Found a transporter.
 26599 | Orc:1    | HP: 3/66 [orc warrior/+0 scimitar[an orc knight] (35)]
 26919 | D:11     | Learned a level 4 spell: Summon Lightning Spire
 27092 | Orc:2    | Entered Level 2 of the Orcish Mines
 27386 | Orc:2    | Found a staircase to the Elven Halls.
 27402 | Orc:1    | Reached skill level 1 in Air Magic
 27418 | Orc:2    | Noticed an orc warlord
 27644 | D:11     | Bought a scroll of fear for 72 gold pieces
 27644 | D:11     | Bought a scroll of identify for 36 gold pieces
 27644 | D:11     | Bought a scroll of magic mapping for 135 gold pieces
 27644 | D:11     | Bought a scroll of identify for 36 gold pieces
 27646 | D:11     | Bought a potion of curing for 42 gold pieces
 27646 | D:11     | Bought a potion of haste for 140 gold pieces
 27646 | D:11     | Bought a potion of might for 56 gold pieces
 27646 | D:11     | Bought a potion of might for 56 gold pieces
 27851 | Lair:3   | Noticed Kirke
 28047 | Lair:3   | Reached skill level 1 in Summonings
 28094 | Lair:3   | Killed Kirke
 28095 | Lair:3   | Reached XP level 13. HP: 58/69 MP: 13/20
 28852 | D:13     | Found a runed translucent door.
 29080 | D:12     | Identified the +4 hand axe of Zazudd {flame, rF+ Dex+2}
 29571 | Orc:1    | Noticed Erica
 29591 | Orc:1    | Killed Erica
 29977 | Orc:2    | Found Sofun's Magic Scroll Emporium.
 30862 | Lair:3   | Found a hole to the Spider Nest.
 31679 | Orc:1    | Killed an orc warlord
 31797 | Orc:2    | Mangled by an orc knight
 31798 | Orc:2    | Reached XP level 12. HP: -6/66 MP: 19/20
 32036 | Orc:2    | Found Buetik's General Store.
 32193 | Orc:2    | Bought a potion of heal wounds for 85 gold pieces
 32193 | Orc:2    | Bought a potion of might for 68 gold pieces
 32195 | Orc:2    | Bought a scroll of teleportation for 48 gold pieces
 32195 | Orc:2    | Bought a scroll of torment for 152 gold pieces
 32195 | Orc:2    | Bought a scroll of torment for 152 gold pieces
 32443 | Orc:2    | Noticed a nameless horror
 32453 | Orc:2    | Killed a nameless horror
 32826 | Orc:2    | Mangled by an orc knight
 32827 | Orc:2    | Reached XP level 11. HP: -8/62 MP: 18/19
 32997 | Orc:2    | Noticed an orc high priest
 32998 | Orc:2    | Noticed an orc sorcerer
 33006 | Orc:2    | Killed an orc high priest
 33013 | Orc:2    | Killed an orc sorcerer
 33028 | Orc:2    | Killed an orc sorcerer
 33029 | Orc:2    | Reached skill level 16 in Fighting
 33029 | Orc:2    | Reached XP level 12. HP: 52/66 MP: 20/20
 33117 | Orc:2    | Slain by an orc knight

Illustrated notes

Levels and vault maps discovered:
D:1:      lightli_arrival_flooded_house, layout_basic,
          ebering_ecumenical_altar_mist, dreamdust_princess_bridge,
          minmay_tetromino_i2
D:2:      layout_basic, basic_altar, minmay_randomly_rotated_circles
D:3:      layout_loops_ring, grunt_ministairs_1
D:4:      layout_basic, temple_pool_b, uniq_menkaure
D:5:      layout_basic, chequers_temple_overflow_minitemple,
          general_overflow_altar, serial_shops, nicolae_shop_behind_doors,
          hellmonk_ghost_happy_afterlife, serial_bayou_pond_c,
          minmay_manual_mail, uniq_sigmund
D:6:      layout_basic, mainiacjoe_overflow_catwalk
D:7:      layout_basic
D:8:      layout_rooms, gammafunk_temple_overflow_elements,
          serial_co_window_serial, co_window_of_opportunity_a,
          co_window_corner_a, co_window_paths_a, co_window_of_opportunity_a,
          co_window_of_opportunity_a, co_window_cross_2, co_window_broadway_c,
          co_window_of_opportunity_b, co_window_paths_e, uniq_amaemon,
          uniq_maurice
D:9:      layout_gridville
D:10:     layout_roguey, erik_lair_island, nicolae_trove_entry_crystal
D:11:     layout_roguey, kennysheep_orc_monster_closet_entryway,
          gauntlet_entry_generic, nicolae_dithmenos_shadow_blocks
D:12:     layout_rooms, corexii_corridor_pit, kennysheep_generic_room_13
D:13:     layout_long_grid, grunt_vaults_entry_fortified, minivault_16,
          lightli_church_of_beogh, uniq_snorg
D:14:     layout_loops_ring, serial_bayou, serial_bayou_lagoon_b,
          serial_bayou_lagoon_a, serial_bayou_pond_c, serial_bayou_ford_a,
          serial_bayou_shore_b, yredelemnul_altar_generic,
          kennysheep_generic_room_8
Temple:   compressed_dpeg_circular_temple
Lair:1:   layout_misc_corridors, grunt_forest_stairs_basic, minmay_hedge_maze,
          lemuel_fruit_fields, uniq_maggie
Lair:2:   layout_regular_city, lemuel_fruit_fields
Lair:3:   layout_gridlike, minmay_swamp_entry_eels,
          spider_nest_entry_funnel_web, st_stairs_13, grunt_megastairs_2,
          uniq_kirke
Lair:4:   layout_cave_pods, slime_entry_2, st_stairs_12
Lair:5:   guppyfry_lair_end_dragon, layout_gridlike, hangedman_lair_in_review,
          st_stairs_7, grunt_forest_small_clearings
Orc:1:    layout_diamond_mine, gammafunk_ghost_arena, uniq_erica, uniq_harold
Orc:2:    pf_orc_diabolical, layout_caves, roderic_batcave

Skill      XL: |  1  2  3  4  5  6  7  8  9 10 11 12 13 |
---------------+----------------------------------------+-----
Dodging        | 3 4 5 6 7 9 10 11 12 13 | 13.7
Stealth        | 7 8 9 10 11 12 13 | 13.1
Unarmed Combat | 3 4 5 6 8 9 14 13 | 14.0
Fighting       | 4 6 7 10 12 14 16 | 16.0
Transmutations | 1 4 6 7 |  7.8
Spellcasting   | 1 3 5 6 |  6.5
Air Magic      | 1 3 |  3.5
Summonings     | 1 3 |  3.7

Action                   |  1- 3 |  4- 6 |  7- 9 | 10-12 | 13-15 || total
-------------------------+-------+-------+-------+-------+-------++-------
Melee: Unarmed           |    91 |   156 |   299 |  1016 |   218 ||  1780
       Punch             |     2 |     2 |    12 |    59 |    15 ||    90
       Bite              |     4 |    23 |    44 |   113 |    22 ||   206
       Headbutt          |       |       |       |   142 |    19 ||   161
 Cast: Beastly Appendage |       |       |       |    60 |    10 ||    70
       Wereblood         |       |       |       |    50 |    12 ||    62
       Spider Form       |       |       |       |    31 |    10 ||    41
Invok: Potion Petition   |       |     1 |       |     2 |       ||     3
       Call Merchant     |       |       |       |     2 |       ||     2
Evoke: Wand              |       |       |    23 |    15 |    12 ||    50
  Use: Potion            |     5 |     7 |     3 |    10 |       ||    25
       Scroll            |     1 |     3 |     5 |    19 |     2 ||    30
 Stab: Sleeping          |    18 |    10 |    11 |    22 |     7 ||    68
       Distracted        |     2 |     1 |     2 |     6 |     2 ||    13
       Paralysed         |       |       |     9 |       |     1 ||    10
Armor: Skin              |     2 |     7 |    13 |    19 |     3 ||    44
Dodge: Dodged            |    50 |    98 |   266 |  1197 |   251 ||  1862
